AoeStats
← Asur

Oasis

508632327Analyzed
4v4 RM · 10d ago on Sep 23, 2026· 24m 9s· 8 players
Game mode
Random Map
Map size
Large (8 player)
Population
200
Speed
Normal
Resources
Standard
Victory
Conquest
Starting age
Dark Age
Ending age
Imperial Age
RankedLock teamsTeams togetherTeam positionsShared explorationLock speedFull tech treeHidden civsTurbo modeCheats
Victory
Defeat
🇨🇳 Khmer · China
1661
+7
🇨🇳 Magyars · China
1576
+10
🇨🇳 Shu · China
1573
+10
🇭🇰 Saracens · Hong Kong SAR China
1365
+18
🇭🇺 Danes · Hungary
1458
-12
🇵🇱 Magyars · Poland
1433
-11
🇩🇪 Ethiopians · Germany
1432
-11
🇧🇷 Poles · Brazil
1427
-11
大平果是小菜鸡父亲
3:56 Loom
8:55 Feudal Age
12:40 Fletching
15:57 Padded Archer Armor
21:21 Castle Age
19:24 Double-Bit Axe
21:15 Horse Collar
21:33 Crossbowman
22:15 Bodkin Arrow
24:29 Ballistics
24:37 Leather Archer Armor
渺小的菜鸟
8:33 Feudal Age
8:20 Loom
9:06 Double-Bit Axe
10:12 Horse Collar
16:39 Wheelbarrow
20:26 Castle Age
19:50 Bloodlines
20:43 Scale Barding Armor
20:58 Forging
21:13 Husbandry
21:47 Chain Barding Armor
22:31 Gold Mining
23:08 Forging
快乐大唐果
9:06 Feudal Age
7:22 Loom
9:56 Double-Bit Axe
11:10 Horse Collar
13:57 Scale Barding Armor
17:07 Wheelbarrow
16:56 Bloodlines
23:01 Castle Age
21:26 Gold Mining
23:13 Light Cavalry
23:54 Husbandry
24:20 Chain Barding Armor
24:16 Bow Saw
VIVIAN
4:42 Loom
10:36 Feudal Age
11:22 Double-Bit Axe
12:41 Horse Collar
13:19 Fletching
15:44 Padded Archer Armor
23:10 Castle Age
22:10 Gold Mining
23:54 Bodkin Arrow
23:20 Crossbowman
24:16 Bow Saw
DraveczB
9:57 Feudal Age
8:39 Loom
10:42 Double-Bit Axe
11:50 Horse Collar
15:08 Forging
22:07 Castle Age
22:14 Wheelbarrow
24:33 Scale Mail Armor
24:37 Squires
Dawidowww
7:12 Loom
9:47 Feudal Age
11:23 Double-Bit Axe
16:01 Wheelbarrow
18:39 Bloodlines
19:51 Scale Barding Armor
24:37 Castle Age
Asur
9:11 Feudal Age
9:46 Loom
10:11 Double-Bit Axe
12:16 Fletching
20:50 Wheelbarrow
25:06 Castle Age
23:09 Padded Archer Armor
지오구
7:02 Loom
9:14 Feudal Age
16:12 Scale Barding Armor
17:21 Forging
Connection lost

Rejoining the realm…

Still unreachable

The connection could not be restored.

Session expired

The server has moved on; the page needs a fresh start.